 Dungeon Crawl Stone Soup version 0.28-a0-1382-g92835e5c71 (webtiles) character file.

Game seed: 11431969736177910221

649 Deminshera the Covert (level 7, -2/44 HPs)
             Began as a Kobold Brigand on Jan 1, 2022.
             Succumbed to a water moccasin's poison
             ... on level 5 of the Dungeon.
             The game lasted 00:07:29 (8527 turns).

Deminshera the Covert (Kobold Brigand)              Turns: 8527, Time: 00:07:30

Health: -2/44      AC:  3    Str: 10    XL:     7   Next: 83%
Magic:  7/7        EV: 14    Int: 13    God:
Gold:   194        SH:  0    Dex: 16    Spells: 6/6 levels left

rFire   . . .      SeeInvis .   g - +2 dagger (speed)
rCold   . . .      Faith    .   (no shield)
rNeg    . . .      Spirit   .   b - +0 robe
rPois   .          Reflect  .   (no helmet)
rElec   .          Harm     .   c - +0 cloak
rCorr   .          Rampage  .   (no gloves)
Will    .....                   (no boots)
Stlth   +++++.....              (no amulet)
HPRegen 0.14/turn               (no ring)
MPRegen 0.10/turn               (no ring)

@: lethally poisoned (-2 -> -22), flying
A: small, no large weapons, nightstalker 3
a: no special abilities


You were on level 5 of the Dungeon.
You visited 1 branch of the dungeon, and saw 5 of its levels.

You collected 194 gold pieces.

Inventory:

Hand Weapons
 g - a +2 dagger of speed (weapon)
Missiles
 m - 18 poisoned darts (quivered)
Armour
 b - a +0 robe (worn)
 c - a +0 cloak (worn)
Jewellery
 e - an amulet of regeneration
Wands
 d - a wand of iceblast (9)
 l - a wand of digging (4)
Scrolls
 a - 5 scrolls of fear
 f - 4 scrolls of identify
 j - a scroll of amnesia {unknown}
 k - a scroll of vulnerability {unknown}
 r - a scroll of enchant armour {unknown}
Potions
 h - a potion of flight
 i - 2 potions of magic
 n - a potion of degeneration {unknown}
 o - a potion of lignification {unknown}
 p - a potion of curing {unknown}


   Skills:
 + Level 5.1 Fighting
 - Level 5.0 Short Blades
 - Level 2.1 Throwing
 - Level 1.2 Dodging
 - Level 10.0 Stealth


You had 6 spell levels left.
You didn't know any spells.
Your spell library contained the following spells:

 Spells                   Type           Power      Damage    Failure   Level
 Beastly Appendage        Tmut           0%         N/A       30%         1
 Summon Small Mammal      Summ           0%         N/A       30%         1
 Wereblood                Tmut           0%         N/A       43%         2
 Call Canine Familiar     Summ           0%         N/A       67%         3
 Gell's Gravitas          Tloc           0%         N/A       67%         3
 Spider Form              Tmut/Pois      0%         N/A       67%         3
 Summon Guardian Golem    Hex/Summ       0%         N/A       67%         3
 Teleport Other           Tloc           0%         N/A       67%         3
 Dispersal                Tloc           0%         N/A       100%        6


Dungeon Overview and Level Annotations

Branches:
Dungeon (5/15)
 Temple: D:4-7

Altars:
Ashenzari
Okawaru


Innate Abilities, Weirdness & Mutations

You are small and have problems with some larger weapons.
You are completely attuned to the shadows.


Message History

You feel sick.
You completely miss the water moccasin.
The water moccasin is lightly wounded.
You feel sick. The water moccasin bites you!
You are lethally poisoned!
The water moccasin poisons you!
Throw: 2 darts (curare)
Press: ? - help, Q - select action, (/) - cycle Shift-Dir - straight line, f - water moccasin
Aim: a water moccasin (lightly wounded, 46% to hit)
You throw a curare-tipped dart.
The curare-tipped dart hits the water moccasin.
The water moccasin is lightly wounded.
You feel very sick. The water moccasin closely misses you.
Throw: dart (curare)
Press: ? - help, Q - select action, (/) - cycle Shift-Dir - straight line, f/p - water moccasin
Aim: a water moccasin (lightly wounded, 46% to hit)
You throw a curare-tipped dart.
The curare-tipped dart barely misses the water moccasin.
You feel very sick. The water moccasin bites you.
You are more poisoned.
The water moccasin poisons you! The water moccasin barely misses you.
Aiming: Iceblast
Press: ? - help, Shift-Dir - straight line, p - water moccasin The mass of ice explodes!
The iceblast engulfs the water moccasin!
The water moccasin is heavily wounded.
* * * LOW HITPOINT WARNING * * *
You feel extremely sick. The water moccasin bites you.
* * * LOW HITPOINT WARNING * * *
It was a potion of magic.
Magic courses through your body.
* * * LOW HITPOINT WARNING * * *
You feel very sick. The water moccasin barely misses you.
It was a potion of flight.
You feel very buoyant.
You fly up into the air.
You die...

.. ### ..##.#
......### ......S.#
.....@.# ......##
..[..## ......#
......# ......##
#####
#...<..####...####
#......#.##......#
.................##


You could see a water moccasin.

Vanquished Creatures
  A necrophage (D:4)
  An ogre (D:4)
  A scorpion (D:4)
  A bullfrog zombie (D:5)
  A bullfrog skeleton (D:4)
  An iguana (D:4)
  Ijyb (D:2)
  An orc wizard (D:3)
  A hound zombie (D:5)
  A hound skeleton (D:4)
  A howler monkey zombie (D:5)
  3 gnolls (D:4)
  9 adders
  A white imp (D:5)
  An adder skeleton (D:5)
  A worm (D:3)
  3 dart slugs
  18 orcs
  5 ball pythons (D:1)
  4 bats
  7 endoplasms
  5 giant cockroaches
  7 goblins
  5 hobgoblins
  4 jackals (D:2)
  11 kobolds
  2 quokkas (D:3)
  6 frilled lizards (D:2)
  5 rats
108 creatures vanquished.

Vanquished Creatures (others)
  5 fungi (D:2)
  3 plants (D:2)
8 creatures vanquished.

Grand Total: 116 creatures vanquished

Notes
Turn   | Place    | Note
-------+----------+-------------------------------------------
     0 | D:1      | Deminshera the Kobold Brigand began the quest for the Orb.
     0 | D:1      | Reached XP level 1. HP: 12/12 MP: 1/1
    86 | D:1      | Reached XP level 2. HP: 17/17 MP: 2/2
   360 | D:1      | Reached skill level 6 in Stealth
   975 | D:1      | Reached XP level 3. HP: 21/21 MP: 3/3
  1273 | D:2      | Found a faded altar of an unknown god.
  1336 | D:2      | Reached XP level 4. HP: 21/26 MP: 4/4
  1914 | D:2      | Reached skill level 7 in Stealth
  2578 | D:3      | Noticed Ijyb
  2594 | D:2      | Killed Ijyb
  2595 | D:2      | Reached XP level 5. HP: 16/30 MP: 5/5
  4045 | D:3      | Reached skill level 8 in Stealth
  5077 | D:4      | Found an iron altar of Okawaru.
  5085 | D:4      | Reached XP level 6. HP: 35/35 MP: 6/6
  5182 | D:4      | Reached skill level 5 in Short Blades
  5185 | D:4      | Found a glowing drain.
  5537 | D:4      | Reached skill level 9 in Stealth
  5898 | D:4      | Noticed a necrophage
  5922 | D:4      | Killed a necrophage
  5923 | D:4      | Reached XP level 7. HP: 32/40 MP: 7/7
  6212 | D:4      | Reached skill level 10 in Stealth
  6894 | D:4      | Found a broken altar of Ashenzari.
  8277 | D:5      | Entered Level 5 of the Dungeon
  8504 | D:5      | Reached skill level 5 in Fighting
  8516 | D:5      | Noticed a water moccasin
  8526 | D:5      | HP: 2/44 [poisoned by a water moccasin]
  8527 | D:5      | Succumbed to a water moccasin's poison

Illustrated notes

Levels and vault maps discovered:
D:1:      dpeg_arrival_windows_large_door, layout_basic
D:2:      layout_loops_corners, shapermc_ecumenical_altar_mp_urbaneastern
D:3:      layout_rooms, nicolae_figureground_sparkle, uniq_ijyb
D:4:      layout_loops_ring, nicolae_ashenzari_skybound, general_overflow_altar,
          gup_sewer_entry_glass
D:5:      layout_cave_pools, serial_undead, serial_undead_d, serial_undead_f,
          serial_undead_d, serial_undead_b, minivault_11,
          minmay_hollow_rounded_squares

Skill      XL: |  1  2  3  4  5  6  7 |
---------------+----------------------+-----
Short Blades   | 3 4 5 |  5.0
Stealth        | 6 7 8 9 10 | 10.0
Fighting       | 5 |  5.1
Throwing       | |  2.1
Dodging        | |  1.2

Action                   |  1- 3 |  4- 6 |  7- 9 || total
-------------------------+-------+-------+-------++-------
Melee: Dagger            |    59 |   223 |   170 ||   452
Throw: Dart              |       |    36 |     5 ||    41
Evoke: Wand              |       |     1 |     1 ||     2
  Use: Scroll            |       |     6 |       ||     6
       Potion            |       |       |     2 ||     2
 Stab: Sleeping          |    18 |    16 |     4 ||    38
       Distracted        |     1 |       |     1 ||     2
Armor: Robe              |     4 |    22 |    12 ||    38
Dodge: Dodged            |    24 |   106 |    66 ||   196

Table legend: (Time is in decaauts)
 A = Elapsed time spent in this place.
 B = Non-inter-level travel time spent in this place.
 C = Inter-level travel time spent in this place.
 D = Time resting spent in this place.
 E = Time spent auto-exploring this place.
 F = Levels seen in this place.
 G = Mean time per level.
                   A        B        C        D        E       F      G
               +--------+--------+--------+--------+--------+-----+--------+
         Total |   8312 |   8153 |    159 |   4347 |   2827 |   5 | 1662.4 |
       Dungeon |   8312 |   8153 |    159 |   4347 |   2827 |   5 | 1662.4 |
               +--------+--------+--------+--------+--------+-----+--------+

Top non-repeatable levels by time:
     D:4: 2869 daAuts
     D:2: 2302 daAuts
     D:3: 1915 daAuts
     D:1: 989 daAuts
     D:5: 235 daAuts
